 Dungeon Crawl Stone Soup version 0.29-a0-581-ge9a90b782e (webtiles) character file.

Game seed: 12510760992643591329

254 Lekart the Ducker (level 5, -11/46 HPs)
             Began as a Draconian Monk on June 14, 2022.
             Mangled by an ogre
             ... wielding a +0 giant spiked club
              (27 damage)
             ... on level 3 of the Dungeon.
             The game lasted 00:04:24 (2278 turns).

Lekart the Ducker (Draconian Monk)                  Turns: 2278, Time: 00:04:25

Health: -11/46     AC:  7    Str: 13    XL:     5   Next: 90%
Magic:  7/7        EV: 14    Int: 13    God:
Gold:   54         SH:  0    Dex: 15    Spells: 4/6 levels left

rFire   . . .      SeeInvis .   d - +5 scythe (freeze)
rCold   . . .      Faith    .   (shield currently unavailable)
rNeg    . . .      Spirit   .   (body armour unavailable)
rPois   .          Reflect  .   (helmet restricted)
rElec   .          Harm     .   l - +1 cloak
rCorr   .          Rampage  .   (no gloves)
Will    .....                   (no boots)
Stlth   ++........              (no amulet)
HPRegen 0.95/turn               (no ring)
MPRegen 0.10/turn               (no ring)

@: no status effects
A: AC +5, unfitting armour, cold-blooded, stinger 1, clever 1, high MP 1,
regeneration 1
a: no special abilities


You were on level 3 of the Dungeon.
You visited 1 branch of the dungeon, and saw 3 of its levels.
You also visited: Sewer.

You collected 54 gold pieces.

Inventory:

Hand Weapons
 a - a +0 falchion
 b - a +2 dagger of venom
 d - a +5 scythe of freezing (weapon)
Armour
 l - a +1 cloak (worn)
Jewellery
 t - an amulet of guardian spirit
Wands
 g - a wand of digging (6)
Scrolls
 c - a scroll of fog
 e - a scroll of teleportation
 i - a scroll of summoning {unknown}
 j - 2 scrolls of identify
Potions
 f - 2 potions of curing
 h - a potion of mutation
 k - a potion of flight {unknown}
 m - 2 potions of attraction {unknown}
 q - a potion of invisibility {unknown}
 s - a potion of might {unknown}


   Skills:
 + Level 3.9 Fighting
 + Level 1.8(3.1) Short Blades
 + Level 3.8(4.0) Long Blades
 * Level 4.4 Dodging
 - Level 1.7 Stealth
 * Level 1.3 Spellcasting
 * Level 1.2 Transmutations


You had 4 spell levels left.
You knew the following spells:

 Your Spells              Type           Power      Damage    Failure   Level
a - Wereblood             Tmut           4%         N/A       24%         2

Your spell library contained the following spells:

 Spells                   Type           Power      Damage    Failure   Level
 Beastly Appendage        Tmut           8%         N/A       16%         1
 Spider Form              Tmut/Pois      2%         N/A       54%         3
 Malign Gateway           Summ/Tloc      0%         N/A       100%        7
 Summon Horrible Things   Summ           0%         N/A       100%        8


Dungeon Overview and Level Annotations

Branches:
Dungeon (3/15)              Sewer (visited)

Altars:
Vehumet

Shops:
D:3 (


Innate Abilities, Weirdness & Mutations

Your plain brown scales are hard. (AC +5)
You cannot fit into any form of body armour.
You are cold-blooded and may be slowed by cold attacks.
Your tail ends in a venomous barb.
Your mind is acute. (Int +2)
You have an increased reservoir of magic. (+10% MP)
Your natural rate of healing is unusually fast.


Message History

There are monsters nearby!
You reach to attack!
You slash the quokka! You freeze the quokka.
You kill the quokka!
You reach to attack!
The helpless bat fails to defend itself.
You slice the bat!! You freeze the bat.
You kill the bat!
No target in view!
No target in view!
You open the door.
There is an open door here.
A bat comes into view.
A bat is nearby!
You reach to attack!
The helpless bat fails to defend itself.
You slash the bat! You freeze the bat.
You kill the bat!
An ogre comes into view. It is wielding a +0 giant spiked club.
Found a stone staircase leading up.
An ogre is nearby!
An ogre is nearby!
You reach to attack!
The helpless ogre fails to defend itself.
You hit the ogre. You freeze the ogre.
The ogre is moderately wounded.
The ogre closely misses you.
You hit the ogre. You freeze the ogre.
The ogre is heavily wounded.
The ogre hits you with a +0 giant spiked club!!
Ouch! That really hurt!
You are too injured to fight recklessly!
You are too injured to fight recklessly!
You are too injured to fight recklessly!
You are too injured to fight recklessly!
Sorry, you're not good enough to have a special ability.
You hit the ogre. You freeze the ogre. You tail-slap the ogre.
The ogre is severely wounded.
The ogre hits you with a +0 giant spiked club!!
Ouch! That really hurt!
You die...

#####).## #.#.#
.(..#...# #.#.#
###.#.#'###.#.##
#......##.#..
#......##.#.#
###......##.#.##
.........'.....#
####.....##.#..####.#..#
##+#.†##.#...@O.....#
#...#+#.####.##.## .
#.#....<. .# ..
#.#.....# # _.
.#.#......
#####.#^.......
......###.....# .......
...... .....#


You could see an ogre.

Vanquished Creatures
  2 bullfrogs (Sewer)
  Natasha (D:3)
  A river rat (D:3)
  2 worms
  3 dart slugs
  5 ball pythons
  5 endoplasms
  11 giant cockroaches
  A goblin (D:1)
  6 hobgoblins
  2 jackals (D:1)
  6 kobolds
  5 quokkas
  6 bats
  20 frilled lizards
  4 rats
80 creatures vanquished.

Vanquished Creatures (others)
  3 plants (D:2)
3 creatures vanquished.

Grand Total: 83 creatures vanquished

Notes
Turn   | Place    | Note
-------+----------+-------------------------------------------
     0 | D:1      | Lekart the Draconian Monk began the quest for the Orb.
     0 | D:1      | Reached XP level 1. HP: 19/19 MP: 1/1
   129 | D:1      | Reached skill level 3 in Dodging
   131 | D:1      | Reached XP level 2. HP: 16/26 MP: 2/2
   296 | D:1      | Found a faded altar of an unknown god.
   618 | D:1      | Reached XP level 3. HP: 28/31 MP: 3/3
  1766 | D:2      | Gained mutation: Your mind is acute. (Int +2) [potion of
                  | mutation]
  1766 | D:2      | Gained mutation: Your natural rate of healing is unusually
                  | fast. [potion of mutation]
  1766 | D:2      | Gained mutation: You have an increased reservoir of magic.
                  | (+10% MP) [potion of mutation]
  1766 | D:2      | Gained mutation: Your tail ends in a venomous barb. [potion
                  | of mutation]
  1786 | D:2      | Learned a level 2 spell: Wereblood
  1830 | D:3      | Found Linecs's Weapon Shoppe.
  1831 | D:3      | Noticed Natasha
  1838 | D:3      | Killed Natasha
  1839 | D:3      | Reached XP level 4. HP: 36/40 MP: 4/4
  1860 | D:3      | Found a radiant altar of Vehumet.
  1977 | D:3      | Found a glowing drain.
  1981 | Sewer    | Entered a sewer
  2141 | Sewer    | Noticed a bullfrog
  2177 | Sewer    | Noticed a bullfrog
  2191 | Sewer    | Killed a bullfrog
  2192 | Sewer    | Reached skill level 1 in Short Blades
  2192 | Sewer    | Reached skill level 4 in Dodging
  2192 | Sewer    | Reached skill level 1 in Spellcasting
  2192 | Sewer    | Reached skill level 1 in Transmutations
  2192 | Sewer    | Reached XP level 5. HP: 36/46 MP: 5/7
  2271 | D:3      | Noticed an ogre
  2278 | D:3      | Mangled by an ogre

Illustrated notes

Levels and vault maps discovered:
D:1:      minmay_arrival_cross, layout_rooms, basic_ecumenical_altar,
          chequers_serial_rivers_large_a, minivault_14, st_stairs_1
D:2:      layout_basic, minmay_lizard_king
D:3:      layout_basic, overflow_temple_1_default, serial_shops,
          nicolae_shop_statue_plus, gup_sewer_entry_bowl, minmay_misc_feat_rows,
          palyth_stone_intersect, minivault_26, kennysheep_jessica_study,
          uniq_natasha

Skill      XL: |  1  2  3  4 |
---------------+-------------+-----
Dodging        | 3 4 |  4.4
Short Blades   | 1 |  1.8
Spellcasting   | 1 |  1.3
Transmutations | 1 |  1.2
Fighting       | |  3.9
Long Blades    | |  3.8
Stealth        | |  1.7

Action                   |  1- 3 |  4- 6 || total
-------------------------+-------+-------++-------
Melee: Falchion          |    77 |       ||    77
       Tailslap          |    16 |    11 ||    27
       Punch             |     2 |     1 ||     3
       Dagger            |    50 |    95 ||   145
       Scythe            |       |     6 ||     6
  Use: Scroll            |    10 |       ||    10
       Potion            |     2 |       ||     2
 Stab: Sleeping          |     4 |     3 ||     7
       Distracted        |     1 |       ||     1
Armor: Skin              |    55 |    33 ||    88
Dodge: Dodged            |    95 |    60 ||   155

Table legend: (Time is in decaauts)
 A = Elapsed time spent in this place.
 B = Non-inter-level travel time spent in this place.
 C = Inter-level travel time spent in this place.
 D = Time resting spent in this place.
 E = Time spent auto-exploring this place.
 F = Levels seen in this place.
 G = Mean time per level.
                   A        B        C        D        E       F      G
               +--------+--------+--------+--------+--------+-----+--------+
         Total |   2332 |   2266 |     66 |      0 |   1687 |   4 |  583.0 |
       Dungeon |   2058 |   1992 |     66 |      0 |   1604 |   3 |  686.0 |
         Sewer |    273 |    273 |      0 |      0 |     83 |   1 |  273.0 |
               +--------+--------+--------+--------+--------+-----+--------+

Top non-repeatable levels by time:
     D:2: 981 daAuts
     D:1: 836 daAuts
   Sewer: 273 daAuts
     D:3: 240 daAuts
